 Dungeon Crawl Stone Soup version 0.21.1-1-g345015fe64 (webtiles) character file.

31199 Delanovic the Covert (level 13, -8/69 HPs)
             Began as a Spriggan Assassin on Apr 11, 2018.
             Was the Champion of Okawaru.
             Killed by drain life
             ... invoked by a soul eater
             ... summoned by an orc high priest
              (12 damage)
             ... on level 2 of the Orcish Mines.
             The game lasted 01:45:38 (22390 turns).

Delanovic the Covert (Spriggan Assassin)           Turns: 22390, Time: 01:45:39

Health: -8/69      AC:  6    Str:  7    XL:     13   Next: 24%
Magic:  18/19      EV: 37    Int: 15    God:    Okawaru [******]
Gold:   975        SH:  0    Dex: 28    Spells: 12/12 levels left

rFire    + . .     SeeInvis +   b - +5 blowgun
rCold    . . .     Gourm    .   (shield restricted)
rNeg     . . .     Faith    .   N - +2 robe {MR+}
rPois    .         Spirit   .   (helmet restricted)
rElec    .         Reflect  .   v - +1 cloak
rCorr    .         Harm     .   (gloves unavailable)
MR       +++..                  (boots unavailable)
Stlth    ++++++++..             (no amulet)
HPRegen  0.21/turn              C - +4 ring of dexterity
MPRegen  0.16/turn              E - ring of protection from fire

@: about to teleport, heroism, very quick
A: very small, unfitting armour, see invisible, agile 1, clever 1, herbivore,
speed 3, slow metabolism 2
a: Heroism, Finesse, Renounce Religion


You were on level 2 of the Orcish Mines.
You worshipped Okawaru.
Okawaru was exalted by your worship.
You were not hungry.

You visited 3 branches of the dungeon, and saw 18 of its levels.

You collected 975 gold pieces.

Inventory:

Hand Weapons
 a - a +5 dagger of freezing
 b - a +5 blowgun (weapon)
 y - a +2 short sword of electrocution
Missiles
 H - 51 stones
 J - 8 exploding tomahawks
 M - 2 poisoned needles (quivered)
Armour
 d - a +1 robe of the Archmagi
 h - a +1 robe of positive energy
 v - a +1 cloak (worn)
 N - a +2 robe of magic resistance (worn)
Jewellery
 C - a +4 ring of dexterity (left hand)
 E - a ring of protection from fire (right hand)
Wands
 e - a wand of paralysis (9)
 t - a wand of polymorph (14)
 w - a wand of acid (6)
 x - a wand of enslavement (19)
 F - a wand of digging (24)
 G - a wand of random effects (21)
Scrolls
 i - a scroll of noise
 j - 3 scrolls of immolation
 k - 6 scrolls of remove curse
 l - a scroll of enchant armour
 n - 7 scrolls of identify
 p - 3 scrolls of magic mapping
 r - 2 scrolls of amnesia
Potions
 o - 2 potions of brilliance
 s - 4 potions of haste
 I - a potion of magic
Books
 P - a book of Conjurations

   Spells                             Type                      Level
   a - Magic Dart                     Conjuration                  1
   b - Searing Ray                    Conjuration                  2
   c - Dazzling Spray                 Conjuration/Hexes            3
   d - Fulminant Prism                Conjuration/Hexes            4
   e - Force Lance                    Conjuration/Translocation    4
   f - Iskenderun's Mystic Blast      Conjuration                  4
Comestibles
 g - 15 rations


   Skills:
 + Level 8.5(13.5) Fighting
 - Level 5.3(10.3) Short Blades
 * Level 13.6(18.6) Throwing
 - Level 12.4(17.4) Dodging
 * Level 14.7(19.7) Stealth
 + Level 7.0 Invocations


You had 12 spell levels left.
You didn't know any spells.

Dungeon Overview and Level Annotations

Branches:
Dungeon (15/15)            Temple (1/1) D:5            Lair (0/6) D:8
    Orc (2/2) D:9             Elf (0/3) Orc:2        Vaults (0/5) D:13
 Depths: D:15

Altars:
Ashenzari
Cheibriados
Dithmenos
Elyvilon
Fedhas
Gozag
Hepliaklqana
Kikubaaqudgha
Makhleb
Nemelex Xobeh
Okawaru
Qazlal
Ru
Sif Muna
Trog
Uskayaw
Vehumet
Wu Jian
Xom
Yredelemnul
Zin
The Shining One

Shops:
D:14 %   Orc:2 *

Portals:
Trove: D:11 (give 7 potions of haste)

Annotations:
D:6 Xenomina's ghost, novice DgFi
D:14 exclusion: obsidian statue


Innate Abilities, Weirdness & Mutations

You are very small and have problems with some larger weapons.
You are too small for most types of armour.
You have supernaturally acute eyesight. (SInv)
You are a herbivore.
You cover ground extremely quickly.
You need consume almost no food.
You are agile. (Dex +2)
Your mind is acute. (Int +2)


Message History

Press: ? - help, Shift-Dir - straight line, f - orc high priest
Aim: an orc high priest, wielding a dire flail and wearing a leather armour (chance to defeat MR: 30%)
The orc high priest easily resists.
The soul eater draws from the surrounding life force!
* * * LOW HITPOINT WARNING * * *
The orc high priest invokes the aid of Beogh against you.
Beogh smites you!
* * * LOW HITPOINT WARNING * * *
You see here a poisoned needle.
Evoke which item? (* to show all) (? for menu, Esc to quit)
Aiming: Disintegrate
Press: ? - help, Shift-Dir - straight line, f/p - orc high priest
Aim: an orc high priest, wielding a dire flail and wearing a leather armour (chance to defeat MR: 30%)
The orc high priest easily resists.
The now-empty wand crumbles to dust.
The orc wizard casts a spell.
The orc wizard blinks!
As you read the scroll of teleportation, it crumbles to dust.
You feel strangely unstable.
The soul eater draws from the surrounding life force!
You die...

,,,,,,,,,,,,,,,,,,,,,...#....(...
,,,,,,,,,...........#............
,,,,,,,,,........................
**,,,,,,,..............(.........
,***,,,,,...................(....
***,,,,,,.........#...(....(.....
**,,,,,,,o.......#...........ยง(..
*,,,*,,,,...........O..(.(...(...
**,**,,,,.......@.o.3..().(((....
,*,**,,,,....#.....4..#..(....(..
*,,,,,,*,#*,*##.............[..).
**,**,******* ###..#.##.##.##...#
****** #################


You could see a soul eater, an orc high priest, a rust devil, an ogre and an orc
(wandering).

Vanquished Creatures
  Josephine (D:10)
  8 vault guards (D:13)
  A hydra (D:12)
  4 two-headed ogres
  2 unseen horrors
  An orc knight (Orc:2)
  An ugly thing (D:12)
  An orc sorcerer (Orc:2)
  4 cyclopes
  4 centaur skeletons
  2 gargoyles
  A kobold demonologist (D:14)
  3 trolls
  A hornet (D:12)
  A hippogriff (D:11)
  Sigmund (D:5)
  4 wyverns
  14 yaks
  5 wraiths
  A steam dragon (D:12)
  7 vampire mosquitoes
  2 hungry ghosts
  Menkaure (D:4)
  3 wargs
  A water moccasin (D:6)
  Duvessa (D:5)
  10 orc warriors
  A swamp drake (D:9)
  3 ice beasts
  A phantom (D:10)
  2 black bears
  2 sky beasts
  A necrophage (D:13)
  10 ogres
  7 centaurs
  2 crocodiles
  9 big kobolds
  15 bullfrogs
  A gnoll sergeant (D:10)
  A wyvern zombie (D:13)
  6 scorpions
  Dowan (D:5)
  8 killer bees
  12 wights
  4 howler monkeys
  2 bullfrog zombies (D:13)
  6 centaur zombies
  3 crimson imps
  3 bullfrog skeletons
  4 hounds
  A quasit (D:14)
  6 orc priests
  Crazy Yiuf (D:2)
  6 jellies
  13 orc wizards
  2 iron imps (D:14)
  Jessica (D:3)
  2 iguanas
  Ijyb (D:5)
  Natasha (thrice) (D:3)
  7 worker ants
  2 killer bee zombies
  A howler monkey zombie (D:5)
  Robin (D:2)
  12 gnolls
  A howler monkey skeleton (D:7)
  11 adders
  4 shadow imps
  An ufetubus (D:14)
  6 oozes
  An adder zombie (D:6)
  An adder skeleton (D:4)
  2 worms
  2 dart slugs
  4 leopard geckos
  63 orcs
  7 bats
  6 giant cockroaches
  18 goblins
  11 hobgoblins
  16 jackals
  26 kobolds
  5 quokkas
  2 ball pythons
  A ball python skeleton (D:2)
  6 frilled lizards
  2 leopard gecko skeletons (D:4)
  2 leopard gecko zombies
  2 quokka skeletons
  20 rats
468 creatures vanquished.

Vanquished Creatures (others)
  A human (D:4)
  A bush (D:14)
  7 fungi (Orc:2)
9 creatures vanquished.

Grand Total: 477 creatures vanquished

Notes
Turn   | Place    | Note
-------+----------+-------------------------------------------
     0 | D:1      | Delanovic the Spriggan Assassin began the quest for the Orb.
     0 | D:1      | Reached XP level 1. HP: 10/10 MP: 2/2
   100 | D:1      | Reached skill level 6 in Stealth
   173 | D:1      | Reached XP level 2. HP: 15/15 MP: 3/3
   770 | D:2      | Reached XP level 3. HP: 18/18 MP: 4/4
  1249 | D:2      | Found a faded altar of an unknown god.
  1380 | D:2      | Found a runed door.
  1530 | D:2      | Noticed Crazy Yiuf
  1534 | D:2      | Killed Crazy Yiuf
  1534 | D:2      | Reached XP level 4. HP: 23/23 MP: 5/5
  2255 | D:3      | Reached XP level 5. HP: 27/27 MP: 6/6
  2259 | D:3      | Reached skill level 7 in Stealth
  2292 | D:3      | Noticed Robin
  2347 | D:3      | Noticed Natasha
  2367 | D:2      | Killed Robin
  2599 | D:3      | Killed Natasha
  3194 | D:3      | Found a shimmering altar of Xom.
  3273 | D:3      | Noticed Jessica
  3299 | D:3      | Killed Jessica
  3330 | D:3      | Reached XP level 6. HP: 26/32 MP: 7/7
  3909 | D:3      | Noticed Natasha
  3919 | D:3      | Killed Natasha
  4471 | D:3      | Noticed Natasha
  4493 | D:3      | Killed Natasha
  5050 | D:4      | Found a snail-covered altar of Cheibriados.
  5052 | D:4      | Found an ancient bone altar of Kikubaaqudgha.
  5055 | D:4      | Noticed a human
  5057 | D:4      | Killed a human
  5499 | D:4      | Reached skill level 8 in Stealth
  6038 | D:4      | Reached skill level 5 in Throwing
  6038 | D:4      | Reached XP level 7. HP: 36/36 MP: 8/8
  6851 | D:5      | Entered Level 5 of the Dungeon
  6873 | D:5      | Noticed Dowan
  6890 | D:5      | Killed Dowan
  6894 | D:5      | Noticed Duvessa
  6947 | D:5      | Killed Duvessa
  7406 | D:5      | Reached skill level 9 in Stealth
  7456 | D:5      | Noticed Sigmund
  7458 | D:5      | Killed Sigmund
  7458 | D:5      | Reached XP level 8. HP: 42/42 MP: 9/9
  7659 | D:5      | Noticed Ijyb
  7676 | D:5      | Killed Ijyb
  7718 | D:5      | Found a staircase to the Ecumenical Temple.
  7731 | D:5      | Noticed Menkaure
  7737 | Temple   | Entered the Ecumenical Temple
  7797 | Temple   | Became a worshipper of Warmaster Okawaru
  9192 | D:5      | Reached skill level 5 in Dodging
  9271 | D:4      | Killed Menkaure
  9683 | D:6      | Reached * piety under Okawaru
 10512 | D:6      | Noticed Xenomina's ghost (novice DgFi)
 10947 | D:7      | Reached XP level 9. HP: 36/46 MP: 10/10
 10954 | D:7      | Reached skill level 5 in Fighting
 11353 | D:7      | Found a blossoming altar of Fedhas.
 11852 | D:8      | Reached ** piety under Okawaru
 12445 | D:8      | Found a staircase to the Lair.
 12530 | D:8      | Found a hide-covered altar of Uskayaw.
 12668 | D:9      | Found a stormy altar of Qazlal.
 12713 | D:9      | Noticed a two-headed ogre
 12758 | D:9      | Killed a two-headed ogre
 12758 | D:9      | Reached *** piety under Okawaru
 12758 | D:9      | Reached XP level 10. HP: 36/53 MP: 11/11
 12978 | D:9      | Received a gift from Okawaru
 12999 | D:9      | Reached skill level 10 in Stealth
 13126 | D:9      | Noticed a gargoyle
 13181 | D:9      | Killed a gargoyle
 13181 | D:9      | Reached skill level 10 in Throwing
 13412 | D:9      | Found a burning altar of Makhleb.
 13498 | D:9      | Reached **** piety under Okawaru
 13502 | D:9      | Reached skill level 1 in Invocations
 13509 | D:9      | Reached skill level 5 in Short Blades
 14124 | D:9      | Found a staircase to the Orcish Mines.
 14430 | D:10     | Entered Level 10 of the Dungeon
 14493 | D:10     | Noticed an unseen horror
 14511 | D:10     | Killed an unseen horror
 14511 | D:10     | Received a gift from Okawaru
 14808 | D:10     | Reached ***** piety under Okawaru
 14857 | D:10     | Received a gift from Okawaru
 14894 | D:10     | Reached skill level 11 in Stealth
 14928 | D:10     | Reached skill level 10 in Dodging
 15107 | D:10     | Reached XP level 11. HP: 58/58 MP: 14/14
 15376 | D:11     | Noticed Josephine
 15448 | D:10     | Killed Josephine
 15672 | D:10     | Received a gift from Okawaru
 15961 | D:11     | Found a portal to a secret trove of treasure.
 16482 | D:11     | Received a gift from Okawaru
 16585 | D:11     | Reached skill level 12 in Stealth
 17100 | D:12     | Reached ****** piety under Okawaru
 17566 | D:12     | Received a gift from Okawaru
 17644 | D:12     | Noticed a green ugly thing
 17651 | D:12     | Killed a green ugly thing
 17686 | D:12     | Received a gift from Okawaru
 17686 | D:12     | Reached XP level 12. HP: 54/63 MP: 16/16
 17767 | D:12     | Noticed a seven-headed hydra
 17809 | D:12     | Reached skill level 5 in Invocations
 18229 | D:12     | Killed a seven-headed hydra
 18229 | D:12     | Received a gift from Okawaru
 18945 | D:13     | Noticed a vault guard
 18945 | D:13     | Noticed a vault guard
 18946 | D:13     | Noticed a vault guard
 18946 | D:13     | Noticed a vault guard
 18952 | D:13     | Noticed a vault guard
 18964 | D:13     | Killed a vault guard
 18979 | D:13     | Killed a vault guard
 18979 | D:13     | Reached skill level 13 in Stealth
 18985 | D:13     | Killed a vault guard
 18988 | D:13     | Noticed a vault guard
 19054 | D:13     | Killed a vault guard
 19113 | D:13     | Gained mutation: You are partially covered in large bone plates. (SH +4) [potion of mutation]
 19113 | D:13     | Gained mutation: You are frail. (-10% HP) [potion of mutation]
 19113 | D:13     | Gained mutation: You are partially covered in slimy green scales. (AC +2) [potion of mutation]
 19116 | D:13     | Lost mutation: You are frail. (-10% HP) [potion of mutation]
 19116 | D:13     | Lost mutation: You are partially covered in large bone plates. (SH +4) [potion of mutation]
 19116 | D:13     | Lost mutation: You are partially covered in slimy green scales. (AC +2) [potion of mutation]
 19116 | D:13     | Gained mutation: Your mind is acute. (Int +2) [potion of mutation]
 19116 | D:13     | Gained mutation: You are agile. (Dex +2) [potion of mutation]
 19116 | D:13     | Lost mutation: Your mind is acute. (Int +2) [potion of mutation]
 19116 | D:13     | Gained mutation: Your mind is acute. (Int +2) [potion of mutation]
 19213 | D:13     | Noticed a vault guard
 19256 | D:13     | Found a gate to the Vaults.
 19282 | D:13     | Noticed a two-headed ogre
 19303 | D:13     | Killed a two-headed ogre
 19316 | D:13     | Noticed a vault guard
 19352 | D:13     | Killed a vault guard
 19443 | D:13     | Killed a vault guard
 19644 | D:13     | Killed a vault guard
 19839 | D:13     | Killed a vault guard
 19839 | D:13     | Received a gift from Okawaru
 20181 | D:14     | Noticed a two-headed ogre
 20196 | D:14     | Killed a two-headed ogre
 20336 | D:14     | Reached skill level 14 in Stealth
 20409 | D:14     | Reached XP level 13. HP: 68/69 MP: 17/19
 20649 | D:14     | Received a gift from Okawaru
 20764 | D:14     | Found Baggetuu's Food Shoppe.
 21278 | D:15     | Entered Level 15 of the Dungeon
 21278 | D:15     | Found a shattered altar of Ashenzari.
 21575 | Orc:1    | Entered Level 1 of the Orcish Mines
 21777 | Orc:2    | Entered Level 2 of the Orcish Mines
 21780 | Orc:2    | Found Tirara's General Store.
 21780 | Orc:2    | Noticed an orc warlord
 21891 | Orc:2    | Noticed an orc warlord
 22380 | Orc:2    | HP: 2/69 [orc high priest/divine providence (10)]
 22390 | Orc:2    | Killed from afar by a soul eater

Skill      XL: |  1  2  3  4  5  6  7  8  9 10 11 12 13 |
---------------+----------------------------------------+-----
Dodging        | 2 3 4 6 8 10 11 12 | 12.4
Stealth        | 6 7 8 9 11 12 14 | 14.7
Fighting       | 2 3 4 5 6 7 8 |  8.5
Throwing       | 3 4 5 6 8 9 10 12 13 | 13.6
Short Blades   | 4 5 |  5.3
Invocations    | 2 4 6 7 |  7.0

Action                   |  1- 3 |  4- 6 |  7- 9 | 10-12 | 13-15 || total
-------------------------+-------+-------+-------+-------+-------++-------
Melee: Dagger            |    79 |   104 |   466 |   487 |   208 ||  1344
       Unarmed           |       |     3 |       |       |       ||     3
       Club              |       |       |   134 |       |       ||   134
       Short sword       |       |       |   152 |   291 |       ||   443
 Fire: Blowgun           |    60 |   210 |   259 |   107 |    78 ||   714
Throw: Tomahawk          |       |       |       |   116 |     5 ||   121
       Stone             |       |       |       |     2 |     2 ||     4
Invok: Heroism           |       |       |       |       |     1 ||     1
Evoke: Wand              |       |       |       |    21 |     2 ||    23
  Use: Scroll            |       |     2 |    14 |     6 |     5 ||    27
       Potion            |       |       |     5 |    16 |     7 ||    28
 Stab: Sleeping          |     7 |     2 |    14 |    32 |     5 ||    60
       Distracted        |       |       |     2 |     7 |       ||     9
       Confused          |       |       |       |    31 |     6 ||    37
       Paralysed         |       |       |       |     1 |       ||     1
  Eat: Ration            |       |     1 |     4 |     6 |     1 ||    12
Armor: Robe              |    11 |    15 |    48 |    33 |    16 ||   123
       Skin              |       |       |       |     8 |       ||     8
Dodge: Dodged            |    62 |   132 |   499 |   610 |   245 ||  1548
